 Dungeon Crawl Stone Soup version 0.23-a0-577-g2b1de94 (console) character file.

107 Duffy the Conjurer (level 4, -1/54 HPs)
             Began as a Naga Fire Elementalist on Dec 14, 2018.
             Slain by a centaur (6 damage)
             ... on level 5 of the Dungeon.
             The game lasted 00:03:26 (1716 turns).

Duffy the Conjurer (Naga Fire Elementalist)         Turns: 1716, Time: 00:03:26

Health: -1/54      AC:  2    Str: 15    XL:     4   Next: 86%
Magic:  1/7        EV: 10    Int: 17    God:
Gold:   0          SH:  0    Dex: 11    Spells: 4/8 levels left

rFire    . . .     SeeInvis +   l - +2 spear (freeze)
rCold    . . .     Gourm    .   (no shield)
rNeg     + . .     Faith    .   a - +0 robe
rPois    +         Spirit   .   (no helmet)
rElec    .         Reflect  .   (no cloak)
rCorr    +         Harm     .   (no gloves)
MR       .....                  (no barding)
Stlth    ..........             q - amulet of rage
HPRegen  0.18/turn              n - ring of resist corrosion
MPRegen  0.10/turn              p - ring of positive energy

@: berserking, very slightly contaminated, quick
A: large, see invisible, deformed body, poison resistance, slowness 2, slow
metabolism 1, spit poison 1, AC +1
a: Spit Poison, Evoke Berserk Rage


You were on level 5 of the Dungeon.
You were hungry.

You visited 1 branch of the dungeon, and saw 6 of its levels.

Inventory:

Hand Weapons
 l - a +2 spear of freezing (weapon)
Armour
 a - a +0 robe (worn)
Jewellery
 n - a ring of resist corrosion (left hand)
 p - a ring of positive energy (right hand)
 q - an amulet of rage (around neck)
Wands
 f - a wand of acid (9)
Scrolls
 d - a scroll of identify {unknown}
 k - a scroll of fear {unknown}
 m - a scroll of amnesia {unknown}
 o - a scroll of remove curse {unknown}
Potions
 b - 2 potions of invisibility {unknown}
 e - a potion of degeneration {unknown}
 g - 2 potions of curing {unknown}
 i - 2 potions of lignification {unknown}
 j - a potion of flight {unknown}
Comestibles
 c - 2 rations


   Skills:
 - Level 1.5 Dodging
 - Level 3.0 Stealth
 + Level 2.6 Spellcasting
 + Level 3.5 Conjurations
 + Level 3.5 Fire Magic


You had 4 spell levels left.
You knew the following spells:

 Your Spells              Type           Power        Failure   Level  Hunger
h - Flame Tongue          Conj/Fire      ##...        4%          1    #......
l - Conjure Flame         Conj/Fire      ##......     13%         3    ###....

Your spell library contained the following spells:

 Spells                   Type           Power        Failure   Level  Hunger
 Magic Dart               Conj           ##..         4%          1    #......
 Searing Ray              Conj           ##....       6%          2    ##.....
 Throw Flame              Conj/Fire      ##....       6%          2    ##.....
 Dazzling Spray           Conj/Hex       #.....       26%         3    ###....
 Inner Flame              Hex/Fire       #.......     26%         3    ###....
 Iskenderun's Mystic Bla  Conj           ##......     38%         4    #####..
 Sticky Flame             Conj/Fire      ##......     38%         4    #####..
 Force Lance              Conj/Tloc      #.......     65%         4    #####..
 Fulminant Prism          Conj/Hex       #.........   65%         4    #####..
 Fireball                 Conj/Fire      ##........   75%         5    ######.


Dungeon Overview and Level Annotations

Branches:
Dungeon (6/15)
 Temple: D:4-7

Altars:


Innate Abilities, Weirdness & Mutations

You cannot wear boots.
Your serpentine skin is tough. (AC +1)
You have supernaturally acute eyesight. (SInv)
Armour fits poorly on your strangely shaped body.
Your system is resistant to poisons. (rPois)
You cover ground very slowly.
You have a slow metabolism.
You can spit poison.


Message History

You fail to use your ability.
The gnoll hits you but does no damage.
A red film seems to cover your vision as you go berserk!
You feel yourself moving faster!
You feel mighty!
You are feeling hungry.
The gnoll hits you with a +0 whip.
You puncture the gnoll! You freeze the gnoll.
You kill the gnoll!
The centaur wields a +0 shortbow.
The centaur shoots an arrow.
The arrow hits you!
You have got your breath back.
The centaur unwields a +0 shortbow.
The centaur barely misses you.
Things that are here:
a +0 whip; a giant cockroach corpse You puncture the centaur!
You freeze the centaur.
The centaur is heavily wounded.
The centaur barely misses you.
You barely miss the centaur.
The centaur is heavily wounded.
The centaur hits you.
You die...

..... .....
... ... #####
#.# ###
......#.#...
#....#.#.# #
#...c..#
#.#.##@#.# #
.#..#(###.##
....#......#
....#..###...
#.#.#..#
######.#.#..##
#......#.....#
#....#.#.###
#......#.#


You could see a centaur.

Vanquished Creatures
  Robin (D:2)
  2 gnolls
  2 adders
  A shadow imp (D:5)
  A dart slug (D:2)
  A leopard gecko (D:4)
  5 orcs
  3 bats
  2 giant cockroaches
  15 goblins
  3 hobgoblins
  A quokka (D:3)
  A ball python skeleton (D:4)
  A rat (D:2)
39 creatures vanquished.

Notes
Turn   | Place    | Note
-------+----------+-------------------------------------------
     0 | D:1      | Duffy the Naga Fire Elementalist began the quest for the
                  | Orb.
     0 | D:1      | Reached XP level 1. HP: 15/15 MP: 3/3
   133 | D:2      | Reached XP level 2. HP: 22/22 MP: 1/5
   325 | D:3      | Reached XP level 3. HP: 23/28 MP: 2/6
   455 | D:3      | Learned a level 3 spell: Conjure Flame
   790 | D:3      | Identified the cursed -4 helmet of Bevo {+Fly rPois Str+8
                  | Int-2}
   790 | D:3      | Noticed Robin
  1213 | D:2      | Killed Robin
  1213 | D:2      | Reached XP level 4. HP: 22/36 MP: 2/7
  1420 | D:5      | Entered Level 5 of the Dungeon
  1693 | D:5      | Noticed a centaur
  1716 | D:5      | Slain by a centaur

Vault maps used:
D:1:      minmay_arrival_up_and_down, minmay_pentomino_t4
D:2:      grunt_dithmenos_smoke
D:3:      first_ration, uniq_robin
D:5:      temple_fountains
D:6:      kennysheep_small_circle

Skill      XL: |  1  2  3 |
---------------+----------+-----
Conjurations   | 2 3 |  3.5
Dodging        | |  1.5
Stealth        | |  3.0
Spellcasting   | |  2.6
Fire Magic     | |  3.5

Action                   |  1- 3 |  4- 6 || total
-------------------------+-------+-------++-------
Melee: Unarmed           |     1 |       ||     1
       Spear             |       |    12 ||    12
 Cast: Flame Tongue      |    50 |    13 ||    63
 Abil: Spit Poison       |    13 |     2 ||    15
       Evoke Berserk Rag |       |     1 ||     1
 Stab: Sleeping          |       |     1 ||     1
  Eat: Chunk             |     1 |     2 ||     3
Armor: Robe              |     8 |     4 ||    12
Dodge: Dodged            |    23 |     9 ||    32

Table legend:
 A = Non-vault XP
 B = Vault XP
 C = Vault XP percentage of total XP
 D = Non-vault monster count
 E = Vault monster count
 F = Vault count percentage of total count
                 A         B        C        D         E       F
            +---------+---------+-------+---------+---------+-------
      Total |     114 |      40 |  26.0 |      26 |      13 |  33.3
            +---------+---------+-------+---------+---------+-------
        D:2 |      41 |      26 |  38.8 |      13 |       6 |  31.6
        D:3 |      13 |      14 |  51.9 |       6 |       7 |  53.8
        D:4 |       4 |       0 |   0.0 |       2 |       0 |   0.0
        D:5 |      42 |       0 |   0.0 |       4 |       0 |   0.0
        D:6 |      14 |       0 |   0.0 |       1 |       0 |   0.0
            +---------+---------+-------+---------+---------+-------
